Map: Ever Dream LE

Players

DRG

  • Race: Zerg Zerg
  • Spawn Location: 1:00

LiquidClem (Clem) - Winner!

  • Race: Terran Terran
  • Spawn Location: 7:00

Event: Shopify TSL 5

VOD

Have the link to the VOD?

Description

Time

  • Played on: May 17, 2020, 7:52 a.m.
  • Length: 9:19

All games in this series

Show
View Real Time Build Order
Export as new Build Order

DRG Zerg 

Build Orders: Hatch First 

Get SALT Encoding   

  12  0:01  Drone  
  13  0:12  Overlord  
  13  0:17  Drone  
  14  0:31  Drone x2  
  16  0:47  Hatchery  
  15  0:51  Drone  
  15  0:54  Drone  
  17  0:58  Drone  
  18  1:08  Extractor  
  17  1:13  Spawning Pool  
  17  1:16  Drone  
  17  1:19  Drone  
  18  1:28  Drone  
  19  1:39  Drone  
  20  1:49  Drone  
  21  2:00  Zergling x2, Queen x2  
  21  2:01  Zergling x2  
  27  2:10  Overlord  
  27  2:12  Drone  
  28  2:24  Hatchery  
  28  2:26  Drone  
  28  2:29  Drone  
  29  2:32  Drone  
  29  2:33  Drone  
  31  2:38  Queen  
  33  2:44  Overlord  
  33  2:46  Metabolic Boost  
  33  2:49  Drone  
  34  2:53  Drone  
  34  2:55  Drone  
  36  3:09  Drone x4  
  36  3:10  Drone  
  36  3:11  Drone  
  36  3:12  Drone x2  
  44  3:24  Overlord  
  44  3:31  Overlord  
  44  3:36  Roach Warren, Queen  
  44  3:38  Drone x3  
  44  3:41  Extractor  
  47  3:44  Zergling x4  
  49  3:54  Overlord  
  48  3:57  Drone x2  
  50  4:07  Queen, Drone  
  53  4:10  Spore Crawler  
  53  4:16  Roach  
  53  4:17  Roach x5  
  63  4:18  Zergling x6  
  56  4:32  Zergling x4  
  54  4:39  Spore Crawler  
  54  4:43  Zergling x4  
  51  4:51  Drone x4  
  55  4:53  Drone x2  
  57  5:01  Drone  
  57  5:03  Ravager  
  57  5:04  Ravager  
  57  5:05  Drone x2  
  63  5:11  Ravager, Drone  
  65  5:18  Drone x2  
  64  5:22  Drone  
  64  5:26  Drone x2  
  67  5:30  Ravager, Drone x3  
  67  5:32  Drone  
  72  5:36  Drone  
  72  5:38  Drone  
  72  5:41  Overlord  
  74  5:46  Overlord  
  74  5:48  Lair  
  74  5:53  Overlord  
  74  5:55  Overlord  
  74  5:56  Spore Crawler x2  
  72  5:59  Drone x2  
  72  6:00  Overlord x2  
  72  6:02  Drone x2  
  76  6:06  Drone x4  
  76  6:07  Drone  
  76  6:09  Drone  
  76  6:11  Drone x3  
  85  6:13  Drone  
  85  6:15  Drone x2  
  88  6:18  Drone  
  88  6:20  Evolution Chamber  
  88  6:22  Drone x2  
  88  6:25  Evolution Chamber  
  89  6:29  Spore Crawler  
  89  6:30  Extractor  
  89  6:31  Extractor  
  86  6:33  Drone x5, Extractor x2  
  86  6:35  Drone  
  90  6:40  Drone x4  
  90  6:45  Overlord  
  94  6:48  Overlord  
  94  6:49  Glial Reconstitution  
  94  6:51  Zerg Missile Weapons Level 1, Zerg Ground Armor Level 1  
  94  6:54  Overlord  
  94  6:57  Roach x2  
  94  6:58  Roach  
  100  7:04  Roach x4  
  108  7:13  Hatchery  
  108  7:14  Roach  
  108  7:15  Roach  
  111  7:20  Drone x2  
  110  7:24  Roach x4  
  110  7:29  Roach x3  
  124  7:37  Roach x4  
  132  7:38  Overlord  
  132  7:39  Overseer  
  132  7:51  Roach x7  
  132  7:56  Overlord x2  
  146  8:01  Roach x3  
  146  8:04  Overlord  
  152  8:06  Overlord  
  152  8:17  Overseer  
  139  8:20  Roach x8  
  139  8:25  Roach x2  
  148  8:30  Ravager x6  
  148  8:33  Roach x2  
  158  8:37  Zergling x2  
  158  8:38  Zergling x8  
  163  8:45  Roach x4  
  163  8:47  Ravager  
  172  8:49  Ravager  
  172  8:50  Zergling x8  
  177  8:58  Roach x4  
Show
View Real Time Build Order
Export as new Build Order

LiquidClem Terran - Winner!

Build Orders: Gas First Reaper Expand, Liberator Opening 

Get SALT Encoding   

  12  0:00  SCV  
  13  0:12  SCV  
  14  0:17  Supply Depot  
  14  0:25  SCV  
  15  0:29  Refinery  
  15  0:38  SCV  
  16  0:43  Barracks  
  16  0:50  SCV  
  17  1:02  SCV  
  18  1:15  SCV  
  19  1:30  Reaper, Orbital Command  
  20  1:41  Command Center  
  20  1:51  Factory  
  20  1:56  SCV  
  21  2:06  Barracks Reactor  
  21  2:08  SCV  
  22  2:12  Supply Depot  
  22  2:16  Refinery  
  22  2:20  SCV  
  23  2:33  SCV  
  24  2:43  Starport  
  24  2:45  SCV  
  24  2:47  Hellion x2  
  24  2:49  Marine  
  30  2:58  SCV, Orbital Command  
  31  3:09  Hellion  
  31  3:10  SCV  
  36  3:13  Hellion  
  36  3:21  Liberator  
  36  3:22  SCV  
  40  3:28  SCV, Supply Depot  
  42  3:34  SCV, Hellion  
  42  3:39  Hellion  
  46  3:49  SCV x2, Barracks Tech Lab  
  46  3:53  Supply Depot  
  48  3:59  Hellion  
  48  4:00  Hellion  
  48  4:02  SCV x2  
  54  4:09  Stimpack  
  54  4:15  SCV, Starport Reactor  
  55  4:20  SCV, Command Center  
  55  4:21  Marine  
  57  4:27  SCV  
  57  4:38  Bunker, Factory Tech Lab  
  55  4:39  Marine  
  52  4:46  Barracks x2  
  52  4:47  Bunker  
  52  4:49  SCV  
  52  4:50  SCV  
  48  4:56  Siege Tank  
  48  4:57  Marine  
  52  5:02  Liberator  
  52  5:04  Supply Depot  
  52  5:06  Liberator  
  58  5:09  SCV  
  58  5:10  SCV  
  60  5:15  Marine  
  60  5:21  SCV  
  59  5:22  SCV  
  57  5:32  Marine  
  57  5:33  SCV  
  57  5:34  SCV  
  57  5:37  Marine  
  57  5:39  Marine x2  
  58  5:47  SCV  
  58  5:48  Engineering Bay x2  
  59  5:50  Marine  
  59  5:54  Marine  
  59  5:55  SCV  
  59  5:56  Marine  
  59  5:57  Marine  
  63  6:00  SCV, Supply Depot  
  63  6:01  Combat Shield  
  63  6:03  Siege Tank  
  68  6:07  SCV  
  68  6:11  Supply Depot  
  69  6:14  Terran Infantry Weapons Level 1  
  69  6:21  Refinery x2  
  69  6:22  Marine x3  
  69  6:24  SCV  
  73  6:25  SCV  
  73  6:27  Starport Reactor  
  74  6:33  Marine x2  
  74  6:34  Terran Infantry Armor Level 1  
  74  6:36  SCV  
  74  6:38  SCV, Orbital Command  
  78  6:40  Marine  
  78  6:44  Marine  
  78  6:46  Supply Depot  
  80  6:48  SCV, Marine  
  80  6:53  SCV  
  83  6:57  Marine  
  83  6:58  Marine, Barracks  
  85  7:01  Barracks  
  85  7:06  Orbital Command  
  85  7:08  SCV x2, Marine x3  
  90  7:09  Medivac  
  90  7:11  Supply Depot  
  92  7:15  Marine  
  92  7:20  Supply Depot  
  92  7:22  Medivac, Supply Depot  
  92  7:23  Siege Tank  
  92  7:25  SCV, Marine  
  92  7:28  SCV  
  98  7:30  Armory  
  98  7:32  Marine x2  
  98  7:34  SCV  
  98  7:36  Marine  
  102  7:37  SCV  
  102  7:41  SCV  
  104  7:46  SCV  
  104  7:49  SCV  
  104  7:50  Supply Depot, Marine  
  104  7:51  Barracks Reactor x2, Medivac  
  107  7:52  Marine  
  107  7:53  SCV  
  111  7:59  SCV, Marine x2  
  111  8:02  SCV, Supply Depot  
  111  8:03  Marine  
  111  8:04  Siege Tank  
  111  8:05  SCV  
  120  8:07  Medivac  
  120  8:11  SCV  
  120  8:12  Marine x2  
  124  8:14  SCV  
  124  8:17  SCV, Marine  
  122  8:20  Marine  
  122  8:23  SCV, Marine  
  122  8:26  SCV  
  121  8:28  Refinery, Factory  
  121  8:30  Marine  
  121  8:31  Marine  
  121  8:32  Marine x4  
  127  8:34  Bunker  
  127  8:35  Marine  
  127  8:39  Marine  
  129  8:41  Marine  
  129  8:42  Supply Depot  
  129  8:48  Marine  
  131  8:49  Marine  
  131  8:52  Refinery  
  131  8:53  Supply Depot, Marine x2  
  131  8:54  Marine x2  
  136  8:55  Marine  
  131  9:14  Factory Tech Lab  
Tags
 
Add a new tag
Caveats
  • Supply blocks, unpowered buildings, or Contaminate may cause inaccurate times.
  • Supply counts are checked every 10 seconds.